 Dungeon Crawl Stone Soup version 0.32-a0-520-g344ed53f66 (webtiles) character file.

Game seed: 14821075287735104729

17319 Malificent the Arsonist (level 12, -3/91 HPs)
             Began as a Purple Draconian Fire Elementalist on Feb 27, 2024.
             Was a Priest of Elyvilon.
             Succumbed to a redback's poison
             ... on level 2 of the Lair of Beasts.
             The game lasted 01:14:58 (14961 turns).

Malificent the Arsonist (DrFE)                     Turns: 14961, Time: 01:14:59

Health: -3/91      AC: 17    Str: 13    XL:     12   Next: 17%
Magic:  2/27       EV: 13    Int: 24    God:    Elyvilon [***...]
Gold:   602        SH:  0    Dex: 12    Spells: 15/33 levels left

rFire   . . .        e - staff of air
rCold   . . .        (no shield)
rNeg    . . .        (body armour unavailable)
rPois   .            C - +2 hat
rElec   +            u - +0 cloak
rCorr   .            (no gloves)
SInv    .            k - +1 pair of boots
Will    ++...        (no amulet)
Stlth   ++           b - +6 ring of intelligence
HPRegen 0.35/turn    l - +4 ring of protection
MPRegen 0.20/turn

%: no passive effects
@: lethally poisoned (-3 -> -25), enlightened, flying
A: nullifying breath, AC +8, unfitting armour, cold-blooded
a: Nullifying Breath, Renounce Religion, Purification, Heal Other, Heal Self


You were on level 2 of the Lair of Beasts.
You worshipped Elyvilon.
Elyvilon was most pleased with you.
You visited 3 branches of the dungeon, and saw 13 of its levels.

You collected 602 gold pieces.

Inventory:

Hand Weapons
 p - a +3 hand axe of electrocution
Missiles
 r - 6 curare-tipped darts
Armour
 d - +0 acid dragon scales
 k - a +1 pair of boots (worn)
 u - a +0 cloak (worn)
 x - +0 steam dragon scales
 C - a +2 hat (worn)
Magical Staves
 e - a staff of air (weapon)
Jewellery
 b - a +6 ring of intelligence (left hand)
 g - a ring of see invisible
 l - a +4 ring of protection (right hand)
 q - a ring of flight
 t - a +6 ring of strength
Wands
 c - a wand of paralysis (15)
 m - a wand of mindburst (7)
 n - a wand of acid (1)
Scrolls
 f - a scroll of brand weapon
 i - 2 scrolls of teleportation
 j - 3 scrolls of amnesia
 o - 3 scrolls of revelation
 w - a scroll of enchant weapon
 A - a scroll of vulnerability
 B - a scroll of summoning {unknown}
Potions
 h - a potion of brilliance
 v - a potion of enlightenment
 z - 2 potions of cancellation {unknown}


   Skills:
 + Level 4.0 Fighting
 * Level 3.7 Staves
 + Level 4.6 Dodging
 + Level 3.3 Stealth
 * Level 11.4 Spellcasting
 + Level 4.1 Conjurations
 * Level 5.1 Hexes
 * Level 6.7 Translocations
 * Level 11.5 Fire Magic
 + Level 3.3 Air Magic
 * Level 3.9 Invocations
 * Level 6.3 Evocations


You had 15 spell levels left.
You knew the following spells:

 Your Spells              Type           Power      Damage    Failure   Level
a - Foxfire               Conj/Fire      100%       2x1d9     1%          1
b - Scorch                Fire           100%       2d9       1%          2
c - Blink                 Tloc           90%        N/A       1%          2
d - Volatile Blastmotes   Fire/Tloc      100%       2d18      1%          3
e - Inner Flame           Hex/Fire       52%        N/A       1%          3
f - Flame Wave            Conj/Fire      50%        2d12      1%          4
g - Teleport Other        Tloc           45%        N/A       1%          3

Your spell library contained the following spells:

 Spells                   Type           Power      Damage    Failure   Level
 Lesser Beckoning         Tloc           90%        N/A       1%          2
 Momentum Strike          Conj/Tloc      78%        3d10      1%          2
 Gell's Gravitas          Tloc           45%        N/A       1%          3
 Ensorcelled Hibernation  Hex/Ice        52%        N/A       2%          2
 Iskenderun's Mystic Bla  Conj/Tloc      39%        2d9       4%          4
 Call Imp                 Summ           26%        N/A       7%          2
 Sublimation of Blood     Necr           13%        N/A       7%          2
 Fugue of the Fallen      Necr           13%        N/A       14%         3
 Anguish                  Hex/Necr       13%        N/A       16%         4
 Fulminant Prism          Conj/Alch      11%        3d9       19%         4
 Dispersal                Tloc           22%        N/A       41%         6
 Summon Hydra             Summ           6%         N/A       100%        7


Dungeon Overview and Level Annotations

Branches:
Dungeon (10/15)            Temple (1/1) D:6            Lair (2/5) D:9
 Shoals (0/4) Lair:2       Spider (0/4) Lair:2
    Orc: D:9-12

Altars:
Ashenzari
Cheibriados
Dithmenos
Elyvilon
Fedhas
Gozag
Hepliaklqana
Kikubaaqudgha
Makhleb
Nemelex Xobeh
Okawaru
Qazlal
Ru
Sif Muna
Trog
Uskayaw
Vehumet
Wu Jian
Xom
Yredelemnul
Zin
The Shining One

Annotations:
D:10 exclusion: orange crystal statue


Innate Abilities, Weirdness & Mutations

You can breathe blasts of antimagic.
Your rich purple scales are hard. (AC +8)
You cannot fit into any form of body armour.
You are cold-blooded and may be slowed by cold attacks.


Message History

Confirm with . or Enter, or press ? or * to list all spells.
You don't have enough magic to cast this spell.
Okay, then.
Unknown command.
Casting: Scorch (safe; 1% risk of failure)
Press: ? - help, Q - select action, (/) - cycle Dir - look around, f - activate Flames lash the jumping spider.
The jumping spider is moderately wounded.
The jumping spider's fire resistance burns away.
The jumping spider pounces on you!
* * * LOW HITPOINT WARNING * * *
The jumping spider closely misses you. The redback bites you!
Elyvilon protects you from harm!
You are lethally poisoned!
The redback poisons you! The redback bites you.
* * * LOW HITPOINT WARNING * * *
The jumping spider pounces on you.
* * * LOW HITPOINT WARNING * * *
The jumping spider bites you.
* * * LOW HITPOINT WARNING * * *
The redback bites you but does no damage.
Okay, then.
Okay, then.
You don't have enough magic to cast this spell.
You don't have enough magic to cast this spell.
As you read the scroll of immolation, it crumbles to dust.
The creatures around you are filled with an inner flame!
Elyvilon protects you from harm!
The redback bites you but does no damage.
The jumping spider leaps!
The redback closely misses you.
The jumping spider barely misses you. x2; The redback barely misses you.
Unknown command.
Blink to where?
Press: ? - help, Dir - move target
As you read the scroll of blinking, it crumbles to dust.
Elyvilon protects you from harm!
It was a potion of enlightenment.
You feel very buoyant.
You fly up into the air.
You die...

###.......##.................#.
...........#....#............#.
...........# ...#....#.........
~.~~~.....# ........##.....##.
~.~~.~....## .+.....##........
~.~.~~.....# ##....###..#P.#.
...~~~....######......#.#.###..
.>....sss.###P##...†...........
...~~~........@................
~.~.s~#...#.#.#.#.##.##..##.###
~.~~.~..#####################
~.~~~.... ~.......# .#.#.####
####


You could see 2 redbacks.

Vanquished Creatures
  Urug (Lair:1)
  Sonja (Lair:1)
  Nergalle (D:10)
  A manticore (Lair:2)
  A black mamba (Lair:1)
  9 cane toads
  A gargoyle (D:10)
  A rime drake (Lair:2)
  A kobold demonologist (D:10)
  An unseen horror (D:10)
  Psyche (D:10)
  2 trolls (D:10)
  A polar bear (Lair:2)
  A wind drake (Lair:2)
  Sigmund (D:2)
  A jumping spider (Lair:2)
  2 shadows
  23 yaks
  A wyvern (D:8)
  3 steam dragons
  An acid dragon (D:10)
  5 water moccasins
  An ice beast (D:4)
  An orc warrior (D:8)
  A black bear (D:6)
  2 ogres (D:6)
  10 wolves
  A phantom (D:6)
  4 centaurs
  2 kobold brigands
  Blork the orc (D:5)
  11 bullfrogs
  A gnoll sergeant (D:9)
  3 scorpions
  11 wights
  3 howler monkeys
  An electric eel (D:6)
  5 hounds
  2 bombardier beetles
  3 orc priests
  A gnoll bouda (D:7)
  A sleepcap (D:4)
  6 orc wizards
  An iguana (D:7)
  4 adders
  8 gnolls
  A shadow imp (D:7)
  4 white imps
  2 ufetubi (D:6)
  3 ribbon worms
  2 dart slugs
  32 orcs
  5 endoplasms
  A giant cockroach (D:4)
  9 goblins
  5 hobgoblins
  2 jackals (D:4)
  23 kobolds
  5 quokkas
  3 ball pythons (D:1)
  5 bats
  7 frilled lizards
  A rat (D:3)
254 creatures vanquished.

Vanquished Creatures (others)
  126 foxfires
126 creatures vanquished.

Grand Total: 380 creatures vanquished

Notes
Turn   | Place    | Note
-------+----------+-------------------------------------------
     0 | D:1      | Malificent the Draconian Fire Elementalist began the quest
                  | for the Orb.
     0 | D:1      | Reached XP level 1. HP: 14/14 MP: 3/3
   105 | D:1      | Reached XP level 2. HP: 11/20 MP: 0/5
   483 | D:1      | Learned a level 2 spell: Scorch
   486 | D:1      | Learned a level 2 spell: Blink
   923 | D:2      | Reached XP level 3. HP: 26/26 MP: 2/6
  1225 | D:2      | Noticed Sigmund
  1252 | D:2      | Killed Sigmund
  1253 | D:2      | Reached skill level 1 in Translocations
  1253 | D:2      | Reached XP level 4. HP: 24/33 MP: 6/9
  1253 | D:2      | Reached XP level 5. HP: 27/38 MP: 6/10
  2539 | D:3      | Found a faded altar of an unknown god.
  2682 | D:3      | Reached XP level 6. HP: 45/45 MP: 6/11
  3262 | D:4      | Learned a level 3 spell: Volatile Blastmotes
  3733 | D:4      | Noticed an ice beast
  3740 | D:4      | Killed an ice beast
  3741 | D:4      | Reached skill level 5 in Fire Magic
  4378 | D:4      | Reached skill level 5 in Translocations
  4378 | D:4      | Your scales start taking on a rich purple colour.
  4378 | D:4      | Reached XP level 7. HP: 58/58 MP: 14/18
  4414 | D:5      | Entered Level 5 of the Dungeon
  4624 | D:5      | Learned a level 3 spell: Inner Flame
  4629 | D:5      | Learned a level 4 spell: Flame Wave
  4698 | D:5      | Reached XP level 8. HP: 63/66 MP: 16/19
  4938 | D:5      | Noticed Blork the orc
  4950 | D:5      | Killed Blork the orc
  5974 | D:6      | Upgraded the game from 0.32-a0-485-g70f7560b1c to
                  | 0.32-a0-520-g344ed53f66
  6068 | D:6      | Found a sacrificial altar of Ru.
  6330 | D:6      | Reached XP level 9. HP: 59/71 MP: 13/21
  6422 | D:6      | Found a staircase to the Ecumenical Temple.
  6431 | Temple   | Entered the Ecumenical Temple
  6728 | Temple   | Became a worshipper of Elyvilon the Healer
  6952 | D:7      | Reached skill level 1 in Hexes
  7355 | D:7      | You fall into a shaft and drop 3 floors!
  7355 | D:10     | Entered Level 10 of the Dungeon
  7365 | D:10     | Noticed an orange crystal statue
  7393 | D:10     | Noticed Psyche
  7398 | D:10     | Killed Psyche
  7454 | D:10     | Noticed a gargoyle
  7454 | D:10     | Noticed Nergalle
  7458 | D:9      | Found a staircase to the Lair.
  7495 | D:9      | Reached * piety under Elyvilon
  8351 | D:8      | Learned a level 3 spell: Teleport Other
  8624 | D:8      | Reached skill level 1 in Staves
  8994 | D:8      | Reached ** piety under Elyvilon
  9695 | D:9      | Reached XP level 10. HP: 78/78 MP: 17/22
 10204 | D:9      | Reached *** piety under Elyvilon
 10409 | D:9      | Identified the +1 leather armour of Articulation {Int+2
                  | Dex+5}
 10492 | D:10     | Reached skill level 1 in Invocations
 10816 | D:10     | Reached skill level 5 in Evocations
 11185 | D:10     | Killed Nergalle
 11320 | D:10     | Found a shadowy altar of Dithmenos.
 11324 | D:10     | Found a radiant altar of Vehumet.
 11329 | D:10     | Found a shimmering blue altar of Sif Muna.
 11460 | D:10     | Killed a gargoyle
 11713 | Lair:1   | Entered Level 1 of the Lair of Beasts
 11713 | Lair:1   | Noticed Urug
 11721 | Lair:1   | Killed Urug
 11801 | D:9      | Reached skill level 10 in Fire Magic
 12013 | Lair:1   | Reached skill level 10 in Spellcasting
 12049 | Lair:1   | Noticed a cane toad
 12059 | Lair:1   | Killed a cane toad
 12060 | Lair:1   | Reached XP level 11. HP: 34/84 MP: 17/25
 12233 | Lair:1   | Noticed Sonja
 12245 | Lair:1   | Killed Sonja
 12269 | Lair:1   | Reached **** piety under Elyvilon
 13779 | Lair:2   | Reached ***** piety under Elyvilon
 13825 | Lair:2   | HP: 1/84 [cane toad (8)]
 14615 | Lair:2   | Found a staircase to the Shoals.
 14623 | Lair:2   | Reached skill level 5 in Hexes
 14624 | Lair:2   | Reached XP level 12. HP: 91/91 MP: 27/27
 14944 | Lair:2   | Found a hole to the Spider Nest.
 14958 | Lair:2   | Elyvilon protects you from harm!
 14958 | Lair:2   | HP: 1/91 [jumping spider (6)]
 14959 | Lair:2   | Elyvilon protects you from harm!
 14960 | Lair:2   | Elyvilon protects you from harm!
 14961 | Lair:2   | Succumbed to a redback's poison

Illustrated notes

Levels and vault maps discovered:
D:1:      psy_arrival_radial01, layout_rooms, minmay_vboxes
D:2:      layout_basic, kennysheep_generic_room_4, uniq_sigmund
D:3:      layout_loops_ring, dreamdust_ecumenical_altar_statues,
          minmay_diced_spiral
D:4:      layout_cave_pools, serial_bayou, serial_bayou_lake_a,
          serial_bayou_pond_e, serial_bayou_pond_a, serial_bayou_pond_b
D:5:      layout_rooms, uniq_blork_the_orc
D:6:      nicolae_BIG_FREAKIN_CUBE, layout_loops_ring,
          nicolae_ru_the_path_less_chosen, minmay_temple_entry_statues_pillars,
          kennysheep_potato
D:7:      layout_basic
D:8:      nicolae_cairo_tiling, layout_cave_pods
D:9:      layout_stronghold, lair_entry_dummy, kb_lookout_dungeons_type
D:10:     layout_cave_pools, minmay_overflow_temple_star_quad,
          minmay_misc_feat_alley, chequers_serial_rivers_small_3,
          minmay_statue_bubble, uniq_psyche, uniq_nergalle
Temple:   regret_index_temple_chain_breaker
Lair:1:   layout_chaotic_city, chequers_serial_rivers_micro_c,
          hibernation_bobbens, serial_bayou_shore_a, uniq_urug, uniq_sonja
Lair:2:   layout_regular_city, minmay_shoals_entry_beasts, spider_nest_entry_a,
          lemuel_fruit_fields

Skill      XL: |  1  2  3  4  5  6  7  8  9 10 11 12 |
---------------+-------------------------------------+-----
Dodging        | 2 4 |  4.6
Stealth        | 2 3 |  3.3
Spellcasting   | 3 7 8 10 11 | 11.4
Translocations | 1 5 6 |  6.7
Fire Magic     | 4 7 8 9 10 11 | 11.5
Fighting       | 3 4 |  4.0
Conjurations   | 4 |  4.1
Air Magic      | 3 |  3.3
Evocations     | 3 4 5 6 |  6.3
Hexes          | 1 3 5 |  5.1
Staves         | 2 3 |  3.7
Invocations    | 1 3 |  3.9

Action                     |  1- 3 |  4- 6 |  7- 9 | 10-12 || total
---------------------------+-------+-------+-------+-------++-------
  Melee: Staff             |       |       |   100 |    41 ||   141
         Tailslap          |       |       |    25 |     8 ||    33
   Cast: Foxfire           |    37 |     6 |    20 |    14 ||    77
         Scorch            |     1 |    70 |   156 |   245 ||   472
         Volatile Blastmot |       |       |     2 |     2 ||     4
         Blink             |       |       |       |     3 ||     3
         Inner Flame       |       |       |       |     2 ||     2
         Flame Wave        |       |       |       |     1 ||     1
 Invoke: Heal Self         |       |       |       |     5 ||     5
         Heal Other        |       |       |       |     4 ||     4
         Purification      |       |       |       |     2 ||     2
Ability: Nullifying Breath |       |       |     1 |     5 ||     6
  Evoke: Wand              |       |       |     5 |    21 ||    26
    Use: Scroll            |     3 |     2 |    11 |     5 ||    21
         Potion            |     1 |     6 |     4 |     8 ||    19
   Stab: Sleeping          |       |       |     1 |       ||     1
         Paralysed         |       |       |     8 |    11 ||    19
 Armour: Skin              |    12 |    71 |   115 |   206 ||   404
  Dodge: Dodged            |     9 |    49 |   108 |   179 ||   345
         Repelled          |       |       |     2 |     6 ||     8

Table legend: (Time is in decaauts)
 A = Elapsed time spent in this place.
 B = Non-inter-level travel time spent in this place.
 C = Inter-level travel time spent in this place.
 D = Time resting spent in this place.
 E = Time spent auto-exploring this place.
 F = Levels seen in this place.
 G = Mean time per level.
                   A        B        C        D        E       F      G
               +--------+--------+--------+--------+--------+-----+--------+
         Total |  14990 |  14657 |    333 |   4777 |   7045 |  13 | 1153.1 |
       Dungeon |  11578 |  11296 |    282 |   3102 |   6091 |  10 | 1157.8 |
        Temple |    307 |    297 |     10 |    200 |      0 |   1 |  307.0 |
          Lair |   3104 |   3064 |     40 |   1475 |    954 |   2 | 1552.0 |
               +--------+--------+--------+--------+--------+-----+--------+

Top non-repeatable levels by time:
  Lair:1: 1900 daAuts
     D:2: 1378 daAuts
     D:9: 1360 daAuts
    D:10: 1357 daAuts
     D:8: 1357 daAuts
     D:6: 1287 daAuts
     D:3: 1280 daAuts
  Lair:2: 1203 daAuts
     D:4: 960 daAuts
     D:7: 895 daAuts
     D:5: 890 daAuts
     D:1: 810 daAuts
  Temple: 307 daAuts
